 Dungeon Crawl Stone Soup version 0.26-a0-964-g69f9a3b9e2 (webtiles) character file.

Game seed: 7254974649074797642

62 stormannnn the Skirmisher (level 4, -1/40 HPs)
             Began as a Hill Orc Fighter on Dec 2, 2020.
             Slain by a gnoll
             ... wielding a +0 spear
              (2 damage)
             ... on level 2 of the Dungeon.
             The game lasted 00:01:58 (840 turns).

stormannnn the Skirmisher (Hill Orc Fighter)         Turns: 840, Time: 00:01:59

Health: -1/40      AC:  7    Str: 19    XL:     4   Next: 8%
Magic:  5/5        EV:  7    Int:  8    God:
Gold:   93         SH:  9    Dex: 10    Spells: 3/3 levels left

rFire    . . .     SeeInvis .   a - +0 war axe
rCold    . . .     Faith    .   c - +0 kite shield
rNeg     . . .     Spirit   .   b - +0 scale mail
rPois    .         Reflect  .   (no helmet)
rElec    .         Harm     .   (no cloak)
rCorr    .         Rampage  .   (no gloves)
MR       .....                  (no boots)
Stlth    ..........             (no amulet)
HPRegen  0.13/turn              (no ring)
MPRegen  0.09/turn              (no ring)

@: flying
A: no striking features
a: no special abilities


You were on level 2 of the Dungeon.
You visited 1 branch of the dungeon, and saw 2 of its levels.

You collected 93 gold pieces.

Inventory:

Hand Weapons
 a - a +0 war axe (weapon)
Armour
 b - a +0 scale mail (worn)
 c - a +0 kite shield (worn)
Scrolls
 e - a scroll of amnesia {unknown}
 f - a scroll of enchant weapon {unknown}
 g - a scroll of identify {unknown}
 h - a scroll of magic mapping {unknown}
Potions
 d - a potion of might
 i - a potion of flight


   Skills:
 + Level 4.0 Fighting
 * Level 4.0 Axes
 + Level 3.7 Armour
 + Level 3.6 Shields
 + Level 1.6 Invocations


You had 3 spell levels left.
You didn't know any spells.
Your spell library was empty.

Dungeon Overview and Level Annotations

Branches:
Dungeon (2/15)

Altars:


Message History

You see here a stone.
You slash the gnoll!
The gnoll is heavily wounded.
You hit the gnoll but do no damage. You block the gnoll's attack. x3
You completely miss the gnoll.
The gnoll is heavily wounded.
You hit the gnoll but do no damage. The gnoll hits you with a +0 halberd.
The gnoll hits you with a +0 spear.
You hit the gnoll.
The gnoll is severely wounded.
You barely miss the gnoll. The gnoll hits you with a +0 spear.
* * * LOW HITPOINT WARNING * * *
The gnoll hits you with a +0 halberd!
* * * LOW HITPOINT WARNING * * *
The gnoll hits you but does no damage.
It was a potion of flight.
You feel very buoyant.
You fly up into the air.
You block the gnoll's attack. The gnoll hits you with a +0 spear.
You die...

#.#.######...###.......
#.#.# ...# ##.......
#####.#.# . #.......#
.# #.###...# ..#
#...######..#
#.#.........#
#.....#.g##....
#..####@## # #..# #g#
#..#...g.......
........#####..
##..#.##.# #.... ...
###. #.# # #.# #..


You could see 3 gnolls.

Vanquished Creatures
  A gnoll (D:2)
  An adder (D:2)
  A worm (D:2)
  A leopard gecko (D:2)
  5 orcs (D:2)
  A ball python (D:1)
  2 giant cockroaches
  4 goblins
  4 hobgoblins
  A quokka (D:2)
  2 bats
  4 frilled lizards
  3 kobolds
  7 rats
37 creatures vanquished.

Notes
Turn   | Place    | Note
-------+----------+-------------------------------------------
     0 | D:1      | stormannnn the Hill Orc Fighter began the quest for the
                  | Orb.
     0 | D:1      | Reached XP level 1. HP: 19/19 MP: 1/1
   137 | D:1      | Reached XP level 2. HP: 25/27 MP: 2/2
   434 | D:1      | Reached skill level 1 in Invocations
   542 | D:2      | Reached XP level 3. HP: 29/33 MP: 3/3
   829 | D:2      | Reached XP level 4. HP: 25/40 MP: 5/5
   839 | D:2      | HP: 1/40 [gnoll/+0 halberd (9)]
   840 | D:2      | Slain by a gnoll

Illustrated notes

Levels and vault maps discovered:
D:1:      mrwooster_arrival_statue, layout_basic
D:2:      layout_loops_ring, overflow_temple_1_default, general_overflow_altar,
          uniq_jessica

Skill      XL: |  1  2  3 |
---------------+----------+-----
Axes           | 3 4 |  4.0
Invocations    | 1 |  1.6
Fighting       | 4 |  4.0
Armour         | |  3.7
Shields        | |  3.6

Action                   |  1- 3 |  4- 6 || total
-------------------------+-------+-------++-------
Melee: War axe           |    93 |     4 ||    97
  Use: Potion            |       |     1 ||     1
Armor: Scale mail        |    33 |     6 ||    39
Dodge: Dodged            |    26 |     1 ||    27
Block: Kite shield       |    47 |     8 ||    55

Table legend: (Time is in decaauts)
 A = Elapsed time spent in this place.
 B = Non-inter-level travel time spent in this place.
 C = Inter-level travel time spent in this place.
 D = Time resting spent in this place.
 E = Time spent auto-exploring this place.
 F = Levels seen in this place.
 G = Mean time per level.
                   A        B        C        D        E       F      G
               +--------+--------+--------+--------+--------+-----+--------+
         Total |    881 |    876 |      5 |    122 |    527 |   2 |  440.5 |
       Dungeon |    881 |    876 |      5 |    122 |    527 |   2 |  440.5 |
               +--------+--------+--------+--------+--------+-----+--------+

Top non-repeatable levels by time:
     D:1: 541 daAuts
     D:2: 339 daAuts
